Map: Acropolis LE

Players

DnS

  • Race: Protoss Protoss
  • Spawn Location: 5:00

Denver - Winner!

  • Race: Zerg Zerg
  • Spawn Location: 11:00

Event: 2019 WCS Summer

VOD

Have the link to the VOD?

Description

Time

  • Played on: July 13, 2019, 10:03 a.m.
  • Length: 5:45

All games in this series

Show
View Real Time Build Order
Export as new Build Order

DnS Protoss 

Build Orders: 1 Gate Expand, Dark Templar Rush 

Get SALT Encoding   

  12  0:00  Probe  
  13  0:12  Probe  
  14  0:20  Pylon  
  14  0:24  Probe  
  15  0:34  Probe  
  16  0:42  Probe  
  16  0:44  Gateway  
  17  0:52  Probe  
  17  0:54  Assimilator  
  18  1:04  Probe  
  19  1:17  Probe  
  20  1:34  Cybernetics Core  
  20  1:37  Nexus  
  20  1:39  Probe  
  21  1:47  Pylon  
  21  1:52  Probe  
  22  1:55  Assimilator  
  22  2:00  Adept  
  22  2:04  Probe  
  25  2:15  Warp Gate  
  25  2:22  Probe  
  26  2:30  Stalker  
  26  2:34  Probe  
  29  2:46  Probe x2  
  29  2:50  Twilight Council  
  31  2:54  Probe  
  32  2:59  Probe  
  32  3:04  Probe  
  33  3:11  Probe  
  35  3:13  Robotics Facility  
  35  3:16  Probe  
  36  3:23  Probe  
  36  3:24  Probe  
  36  3:32  Probe  
  37  3:35  Probe  
  37  3:37  Dark Shrine  
  38  3:42  Probe  
  38  3:47  Probe  
  37  3:52  Gateway  
  37  3:54  Probe  
  38  3:59  Probe  
  38  4:01  Warp Prism  
  38  4:03  Adept  
  38  4:06  Probe  
  39  4:11  Probe  
  42  4:17  Gateway  
  42  4:18  Probe  
  42  4:23  Probe, Adept  
  42  4:35  Probe x2  
  35  4:46  Probe, Adept  
  35  4:47  Probe, Adept  
  40  4:54  Probe  
  42  5:00  Probe  
  42  5:02  Probe  
  43  5:09  Gateway  
  43  5:12  Dark Templar, Pylon  
  43  5:14  Dark Templar  
  43  5:15  Dark Templar  
  43  5:17  Probe  
  43  5:19  Probe  
  38  5:29  Probe  
  38  5:30  Gateway  
Show
View Real Time Build Order
Export as new Build Order

Denver Zerg - Winner!

Build Orders: Hatch First 

Get SALT Encoding   

  12  0:00  Drone  
  13  0:12  Overlord  
  13  0:17  Drone  
  14  0:31  Drone x2  
  16  0:52  Drone  
  16  0:53  Drone  
  16  0:56  Hatchery  
  17  1:00  Drone  
  18  1:07  Extractor  
  17  1:16  Spawning Pool  
  16  1:21  Drone  
  16  1:24  Drone  
  18  1:30  Drone  
  19  1:38  Drone  
  20  1:51  Drone  
  21  2:01  Overlord  
  21  2:08  Queen  
  23  2:09  Queen  
  23  2:10  Metabolic Boost  
  23  2:13  Zergling x2  
  26  2:16  Zergling x2  
  26  2:20  Drone  
  28  2:24  Drone  
  29  2:33  Drone x2  
  31  2:47  Hatchery  
  31  2:50  Drone  
  30  2:52  Drone  
  30  2:56  Overlord  
  31  2:59  Drone  
  31  3:02  Drone  
  33  3:07  Zergling x2  
  34  3:13  Zergling x2  
  34  3:19  Drone x5  
  40  3:20  Drone  
  40  3:25  Overlord  
  41  3:29  Drone x2  
  43  3:40  Overlord  
  42  3:41  Lair  
  42  3:45  Zergling x2  
  43  3:49  Zergling x8  
  43  3:51  Drone  
  43  3:54  Drone x2  
  50  3:57  Overlord  
  50  4:02  Drone x2  
  52  4:07  Drone  
  52  4:10  Roach Warren  
  52  4:15  Drone x2  
  52  4:26  Zergling x16  
  59  4:34  Zergling x6, Queen  
  63  4:41  Zergling x4, Queen  
  66  4:46  Zergling x2  
  66  4:52  Overlord  
  67  4:55  Extractor  
  67  4:56  Roach x3  
  67  4:58  Overlord  
  72  5:01  Overlord  
  72  5:03  Overseer  
  70  5:12  Roach  
  70  5:13  Zergling x10  
  75  5:20  Spore Crawler  
  76  5:26  Zergling x2  
  76  5:27  Zergling x8  
Tags
 
Add a new tag
Caveats
  • Supply blocks, unpowered buildings, or Contaminate may cause inaccurate times.
  • Supply counts are checked every 10 seconds.